 Dungeon Crawl Stone Soup version 0.21.1-1-g345015f (webtiles) character file.

5 glosham the Skirmisher (level 1, -18/19 HPs)
             Began as a Ghoul Abyssal Knight on June 6, 2018.
             Was a Follower of Lugonu.
             Demolished by a tentacled starspawn (20 damage)
             ... on level 2 of the Abyss.
             The game lasted 00:01:47 (90 turns).

glosham the Skirmisher (Ghoul Abyssal Knight)         Turns: 90, Time: 00:01:47

Health: -18/19     AC:  3    Str: 15    XL:     1   Next: 80%
Magic:  1/1        EV: 11    Int:  7    God:    Lugonu [*.....]
Gold:   74         SH:  0    Dex:  8    Spells: 0/0 levels left

rFire    . . .     SeeInvis .     - Unarmed
rCold    + . .     Gourm    .   (no shield)
rNeg     + + +     Faith    .   a - +0 leather armour
rPois    ∞         Spirit   .   (no helmet)
rElec    .         Reflect  .   (no cloak)
rCorr    .         Harm     .   (no gloves)
MR       .....                  (no boots)
Stlth    +.........             (no amulet)
HPRegen  0.00/turn              (no ring)
MPRegen  0.07/turn              (no ring)

@: rotting
A: rotting body, claws 1, carnivore, cold resistance 1, negative energy
resistance 3, inhibited regeneration, torment resistance, unbreathing
a: Depart the Abyss, Renounce Religion


You were on level 2 of the Abyss.
You worshipped Lugonu.
Lugonu was aware of your devotion.
You were not hungry.

You visited 0 branches of the dungeon, and saw 0 of its levels.
You visited the Abyss 1 time.

You collected 74 gold pieces.

Inventory:

Armour
 a - a +0 leather armour (worn)
Comestibles
 b - a ration


   Skills:
 - Level 3.2 Fighting
 - Level 1.7 Armour
 - Level 0.8 Dodging
 * Level 1.6 Stealth
 - Level 2.1 Unarmed Combat
 - Level 2.0 Invocations


You couldn't memorise any spells.
You didn't know any spells.

Dungeon Overview and Level Annotations

Branches:
Dungeon (0/15)

Altars:


Innate Abilities, Weirdness & Mutations

Your body is rotting away.
You thrive on raw meat.
You are immune to poison.
You have sharp fingernails.
You are carnivorous and can eat meat at any time.
Your flesh is cold resistant. (rC+)
You are immune to negative energy. (rN+++)
You do not regenerate when monsters are visible.
You are immune to unholy pain and torment.
You can survive without breathing.


Message History

You see here 28 gold pieces.
You now have 74 gold pieces (gained 28).
You enter the shallow water.
Moving in this stuff is going to be slow.
The ufetubus shouts!
You scratch the ufetubus.
The ufetubus is severely wounded.
The ufetubus hits you. The ufetubus closely misses you.
A tentacled starspawn comes into view.
You barely miss the ufetubus.
The ufetubus is severely wounded.
The ufetubus hits you.
The ufetubus hits you but does no damage.
The tentacled starspawn moves out of view.
You closely miss the ufetubus.
The ufetubus is severely wounded.
The ufetubus hits you but does no damage.
The ufetubus hits you. The ufetubus closely misses you.
The ufetubus hits you but does no damage.
You barely miss the ufetubus.
You claw the ufetubus, but do no damage.
The ufetubus is severely wounded.
Tentacles burst from the starspawn's body!
The ufetubus closely misses you.
The ufetubus hits you. 2 starspawn tentacles come into view.
The ufetubus hits you. x2
* * * LOW HITPOINT WARNING * * *
You scratch the ufetubus.
You kill the ufetubus!
Your Stealth skill increases to level 1!
The tentacled starspawn barely misses you.
The tentacled starspawn closely misses you.
Tentacles burst from the starspawn's body! 2 starspawn tentacles come into view.
You scratch the starspawn tentacle.
The starspawn tentacle is lightly damaged.
The tentacled starspawn bites you but does no damage.
The tentacled starspawn engulfs you!!
Ouch! That really hurt!
You die... ## .# ## #. ## ..#w# #.### wX.

##w@##
#.##.#Xw##
##....#..#
#.########
#. #..#§.
# #.#5
...#.
#...#.#..
##.....#.#
##..#...#


You could see a tentacled starspawn and 2 starspawn tentacles.

Vanquished Creatures
  An ufetubus (Abyss:2)
1 creature vanquished.

Vanquished Creatures (others)
  2 starspawn tentacles (Abyss:2)
2 creatures vanquished.

Grand Total: 3 creatures vanquished

Notes
Turn   | Place    | Note
-------+----------+-------------------------------------------
     0 | Abyss:1  | glosham the Ghoul Abyssal Knight began the quest for the Orb.
     0 | Abyss:1  | Reached XP level 1. HP: 19/19 MP: 1/1
    77 | Abyss:2  | Noticed a tentacled starspawn
    81 | Abyss:2  | Reached skill level 1 in Stealth
    90 | Abyss:2  | Demolished by a tentacled starspawn

Skill      XL: |  1 |
---------------+----+-----
Stealth        | 1 |  1.6
Fighting       | |  3.2
Armour         | |  1.7
Dodging        | |  0.8
Unarmed Combat | |  2.1
Invocations    | |  2.0

Action                   || total
-------------------------++-------
Melee: Unarmed           ||     6
       Punch             ||     1
Armor: Leather armour    ||     4
Dodge: Dodged            ||     5

Table legend:
 A = Turns spent in this place as a percentage of turns spent in the entire game.
 B = Non-inter-level travel turns spent in this place as a percentage of non-inter-level travel turns spent in the entire game.
 C = Inter-level travel turns spent in this place as a percentage of turns spent in this place.
 D = Turns resting spent in this place as a percentage of non-inter-level travel turns spent in this place.
 E = Turns spent auto-exploring this place as a percentage of non-inter-level travel turns spent in this place.
 F = Non-inter-level travel turns spent in this place divided by the number of levels of this place that you've seen.
                   A       B       C       D       E      F
               +-------+-------+-------+-------+-------+----------------------
         Total | 100.0 | 100.0 |   0.0 |   0.0 |   0.0 |  45.0
         Abyss | 100.0 | 100.0 |   0.0 |   0.0 |   0.0 |  45.0
               +-------+-------+-------+-------+-------+----------------------

Table legend:
 A = Kills in this place as a percentage of kills in entire the game.
 B = Kills by you in this place as a percentage of kills by you in the entire game.
 C = Kills by friends in this place as a percentage of kills by friends in the entire game.
 D = Other kills in this place as a percentage of other kills in the entire game.
 E = Experience gained in this place as a percentage of experience gained in the entire game.
 F = Experience gained in this place divided by the number of levels of this place that you have seen.
                   A       B       C       D       E      F
               +-------+-------+-------+-------+-------+----------------------
         Total | 100.0 | 100.0 |   N/A |   N/A | 100.0 |   4.0
         Abyss | 100.0 | 100.0 |   N/A |   N/A | 100.0 |   4.0
               +-------+-------+-------+-------+-------+----------------------

Vault maps used:
